 Dungeon Crawl Stone Soup version 0.31-a0-455-g1a7b003ef0 (webtiles) character file.

Game seed: 10562343914431458523

110 lunkers the Insei (level 5, -2/40 HPs)
             Began as a Meteoran Shapeshifter on Aug 3, 2023.
             Slain by Robin
             ... wielding a +0 trident
              (5 damage)
             ... on level 4 of the Dungeon.
             The game lasted 00:04:31 (1158 turns).

lunkers the Insei (Meteoran Shapeshifter)           Turns: 1158, Time: 00:04:31

Health: -2/40      AC:  5    Str: 16    XL:     5   Next: 38%
Magic:  6/6        EV: 11    Int: 10    God:
Gold:   70         SH:  4    Dex: 16    Spells: 4/4 levels left

rFire   . .          .
                       - Unarmed
rCold   . . .        k - +0 buckler
rNeg    . . .        i - +0 ring mail
rPois   .            (helmet currently unavailable)
rElec   .            (cloak currently unavailable)
rCorr   +            (gloves currently unavailable)
SInv    .            (boots currently unavailable)
Will    .....        (no amulet)
Stlth   +            d - ring of resist corrosion
HPRegen 0.26/turn    (no ring)
MPRegen 0.10/turn

%: no passive effects
@: beast-form, glowing
A: beast (slay +3), sense surroundings 1, otherworldly, glowing, explore regen
a: Begin Untransformation


You were on level 4 of the Dungeon.
You were a hulking beast.
You visited 1 branch of the dungeon, and saw 4 of its levels.

You collected 70 gold pieces.

Inventory:

Armour
 i - a +0 ring mail (worn)
 k - a +0 buckler (worn)
Jewellery
 d - a ring of resist corrosion (left hand)
Talismans
 c - a beast talisman (active)
Scrolls
 a - 2 scrolls of teleportation {unknown}
 f - a scroll of blinking {unknown}
 g - a scroll of identify {unknown}
 h - a scroll of torment {unknown}
 j - a scroll of silence {unknown}
 m - 3 scrolls of poison {unknown}
Potions
 b - a potion of brilliance {unknown}
 e - a potion of heal wounds {unknown}
 l - a potion of degeneration {unknown}


   Skills:
 - Level 1.1 Fighting
 - Level 2.4 Dodging
 * Level 5.7 Unarmed Combat
 + Level 4.5 Shapeshifting


You had 4 spell levels left.
You didn't know any spells.
Your spell library contained the following spells:

 Spells                   Type           Power      Damage    Failure   Level
 Inner Flame              Hex/Fire       0%         N/A       96%         3
 Animate Dead             Necr           0%         N/A       100%        4
 Borgnjor's Vile Clutch   Necr/Erth      0%         N/A       100%        5
 Iskenderun's Battlesphe  Conj           0%         2d6       100%        5
 Yara's Violent Unravell  Hex/Tmut       0%         3d3       100%        5
 Death Channel            Necr           0%         N/A       100%        6
 Leda's Unmaking          Conj/Erth      0%         9d1       100%        6
 Enfeeble                 Hex            0%         N/A       100%        7
 Spellforged Servitor     Conj/Summ      0%         N/A       100%        7


Dungeon Overview and Level Annotations

Branches:
Dungeon (4/15) Zot: 1247
 Temple: D:4-7

Altars:

Shops:
D:1 =

Annotations:
D:4 Robin


Innate Abilities, Weirdness & Mutations

You are a hulking beast.
Your limbs bulge with bestial killing power. (Slay +3)
You passively map a small area around you.
You are easily found by Zot.
You glow in the dark.
You regain HP and MP as you explore.


Message History

Robin is lightly wounded.
Robin roars a battlecry!
The goblins go into a battle-frenzy!
A sleepcap comes into view.
A hobgoblin comes into view.
You closely miss Robin.
Robin is lightly wounded.
Robin throws the goblin at you! The goblin hits you with a +0 dagger.
The goblin shoots a sling bullet.
The sling bullet hits you.
* * * LOW HITPOINT WARNING * * *
You hear a shout!
Robin hits you with a +0 trident!
* * * LOW HITPOINT WARNING * * *
Things that are here:
a +0 club; a goblin corpse
Okay, then.
You hit the goblin.
You kill the goblin!
Unknown command.
You hit Robin.
Robin is moderately wounded.
Robin laughs in a distinctly smug fashion.
Robin closely misses you.
You hit Robin.
Robin is moderately wounded.
Robin closely misses you.
The hobgoblin hits you but does no damage.
You hit Robin.
Robin is heavily wounded.
The worm bites you.
* * * LOW HITPOINT WARNING * * *
Robin roars a battlecry!
The goblin goes into a battle-frenzy!
The hobgoblin hits you.
* * * LOW HITPOINT WARNING * * *
The hobgoblin attacks as you move away! The hobgoblin hits you.
* * * LOW HITPOINT WARNING * * *
Robin roars a battlecry!
The hobgoblin goes into a battle-frenzy!
Robin hits you from afar with a +0 trident.
You die...

*# * ##... ,* ,
#.#,#.w?# , , ,
#.g.#...# ##+##
#g...!## #≈≈≈# ,, , .
#...# +≈≈§+ , ,, ,
..#.#.###≈≈≈ *, *
....#gg###g### **
#....>.#..#w)g)#
#..##...#.gg##h#####
..............).....##
..#.......<...†......#
,....................##
............###....#
.#.......#.## ######
#.......#.# *
.........# *..>....###


You could see a worm, Robin and a hobgoblin (strong).

Vanquished Creatures
  4 adders
  2 adder zombies (D:2)
  2 worms (D:2)
  A dart slug (D:2)
  6 endoplasms
  9 goblins
  6 hobgoblins
  2 jackals (D:1)
  3 quokkas
  3 ball pythons
  6 bats
  A frilled lizard (D:1)
  A giant cockroach zombie (D:2)
  A jackal zombie (D:2)
  8 kobolds
  5 rats (D:1)
60 creatures vanquished.

Notes
Turn   | Place    | Note
-------+----------+-------------------------------------------
     0 | D:1      | lunkers the Meteoran Shapeshifter began the quest for the
                  | Orb.
     0 | D:1      | Reached XP level 1. HP: 16/16 MP: 2/2
     8 | D:1      | Noticed an ogre
    56 | D:1      | Reached XP level 2. HP: 13/23 MP: 3/3
    67 | D:1      | Reached skill level 4 in Unarmed Combat
   121 | D:1      | Found Nieh's Jewellery Boutique.
   264 | D:1      | Reached XP level 3. HP: 28/28 MP: 4/4
   563 | D:2      | Reached XP level 4. HP: 9/35 MP: 5/5
   580 | D:2      | Reached skill level 5 in Unarmed Combat
   937 | D:3      | Reached XP level 5. HP: 29/40 MP: 6/6
  1127 | D:4      | Noticed Robin
  1157 | D:4      | HP: 2/40 [hobgoblin[Robin] (3)]
  1158 | D:4      | Slain by Robin

Illustrated notes

Levels and vault maps discovered:
D:1:      evilmike_arrival_come_back, layout_loops_ring, serial_shops, shop
D:2:      layout_loops_cross, serial_undead, serial_undead_f, serial_undead_a,
          serial_undead_f, serial_undead_f, serial_undead_f, serial_undead_f,
          serial_shops, shop
D:3:      layout_loops_ring, trog_butcher_becter,
          nicolae_elevator_lobby_asterisk, uniq_sigmund
D:4:      layout_rooms, amcnicky_altar_gilded, serial_shops,
          nicolae_shop_tiny_glass, minmay_liquid_box, corexii_leaking_fountain,
          uniq_robin, uniq_pikel

Skill      XL: |  1  2  3  4 |
---------------+-------------+-----
Unarmed Combat | 4 5 |  5.7
Shapeshifting  | 4 |  4.5
Fighting       | |  1.1
Dodging        | |  2.4

Action                     |  1- 3 |  4- 6 || total
---------------------------+-------+-------++-------
  Melee: Unarmed           |    59 |    62 ||   121
         Punch             |     2 |     1 ||     3
    Use: Potion            |       |     1 ||     1
 Armour: Animal skin       |    10 |     5 ||    15
         Ring mail         |       |    14 ||    14
         Skin              |       |     3 ||     3
  Dodge: Dodged            |    24 |    20 ||    44
  Block: Buckler           |       |     5 ||     5

Table legend: (Time is in decaauts)
 A = Elapsed time spent in this place.
 B = Non-inter-level travel time spent in this place.
 C = Inter-level travel time spent in this place.
 D = Time resting spent in this place.
 E = Time spent auto-exploring this place.
 F = Levels seen in this place.
 G = Mean time per level.
                   A        B        C        D        E       F      G
               +--------+--------+--------+--------+--------+-----+--------+
         Total |   1151 |   1112 |     39 |     41 |    658 |   4 |  287.8 |
       Dungeon |   1151 |   1112 |     39 |     41 |    658 |   4 |  287.8 |
               +--------+--------+--------+--------+--------+-----+--------+

Top non-repeatable levels by time:
     D:1: 443 daAuts
     D:2: 392 daAuts
     D:3: 261 daAuts
     D:4: 53 daAuts
